 Dungeon Crawl Stone Soup version 0.19-a0-1841-gf1e0166 (webtiles) character file.

39 Bekkur the Twirler (level 3, -2/27 HPs)
             Began as a Demonspawn Gladiator on Oct 9, 2016.
             Killed from afar by Sigmund (12 damage)
             ... with a puff of flame
             ... on level 2 of the Dungeon.
             The game lasted 00:02:35 (935 turns).

Bekkur the Twirler (Demonspawn Gladiator)            Turns: 935, Time: 00:02:37

Health: -2/27      AC: 10    Str: 15    XL:     3   Next: 28%
Magic:  3/3        EV: 12    Int:  9    God:
Gold:   93         SH:  0    Dex: 14    Spells: 0 memorised, 2 levels left

rFire  . . .     SeeInvis .     a - +0 quarterstaff
rCold  . . .     Gourm    .     b - +0 leather armour
rNeg   . . .     Faith    .     (shield currently unavailable)
rPois  .         Spirit   .     c - +0 helmet
rElec  .         Dismiss  .     n - +0 cloak
rCorr  .         Reflect  .     m - +2 pair of gloves
MR     .....     Harm     .     (no boots)
Stlth  +.........               (no amulet)
                                (no ring)
                                (no ring)

@: exhausted, very slightly contaminated, hasted, very quick
A: thin metallic scales 1
a: no special abilities


You were on level 2 of the Dungeon.
You were not hungry.

You visited 1 branch of the dungeon, and saw 2 of its levels.

You collected 93 gold pieces.

Inventory:

Hand Weapons
 a - a +0 quarterstaff (weapon)
Missiles
 d - 3 throwing nets (quivered)
Armour
 b - a +0 leather armour (worn)
 c - a +0 helmet (worn)
 m - a +2 pair of gloves (worn)
 n - a +0 cloak (worn)
Scrolls
 e - a scroll of noise {unknown}
 l - 2 scrolls of blinking {unknown}
 o - a scroll of magic mapping {unknown}
 p - a scroll of remove curse {unknown}
 r - a scroll of identify {unknown}
Comestibles
 f - 3 bread rations
 i - 4 fruits
 j - a chunk of flesh
 q - 2 meat rations
 s - a slice of pizza
 t - a royal jelly


   Skills:
 - Level 2.0 Fighting
 + Level 4.0 Staves
 - Level 1.7 Throwing
 - Level 2.6 Dodging


You had 2 spell levels left.
You didn't know any spells.

Dungeon Overview and Level Annotations

Branches:
Dungeon (2/15)

Altars:

Annotations:
D:2 Sigmund


Innate Abilities, Weirdness & Mutations

You are partially covered in thin metallic scales. (AC +2)


Message History

You hit the goblin.
You kill the goblin!
Your Staves skill increases to level 4!
Something hits you but does no damage. The goblin barely misses you.
You closely miss the goblin. Something barely misses you.
The goblin hits you but does no damage. The goblin hits you but does no damage.
Something barely misses you.
You hit the goblin but do no damage.
You feel less confused. The goblin hits you but does no damage.
You closely miss the goblin. Something hits you. The goblin barely misses you.
You hit the goblin but do no damage. The goblin closely misses you.
Something hits you!
You thump the goblin!
You kill the goblin!
You feel yourself speed up.
You hear some strange, mumbled words.
A puff of flame appears from out of thin air!
The puff of flame hits you!
You die...

...... .. ..# ## ......
.### #$##. ...# #... #...
..## . #... #..#
.####..#.##... #..
..>...........##.####
.#.............{)...#
.##...>. ##...#))##...#
##.......##.....@# #....
##...........###.# ###
(............###.## #####
..#......###..##.$#......
.........................
....#....##..............
)...#....##...#..........
....#....##......#.......
<..##....##....#.........


There were no monsters in sight!

Vanquished Creatures
  An adder (D:2)
  A worm (D:2)
  A dart slug (D:1)
  2 ball pythons (D:2)
  2 giant cockroaches (D:1)
  3 goblins
  5 hobgoblins
  3 jackals (D:2)
  2 kobolds
  3 rats
23 creatures vanquished.

Notes
Turn   | Place    | Note
-------+----------+-------------------------------------------
     0 | D:1      | Bekkur the Demonspawn Gladiator began the quest for the Orb.
     0 | D:1      | Reached XP level 1. HP: 16/16 MP: 1/1
   163 | D:1      | Reached skill level 3 in Staves
   327 | D:1      | Gained mutation: You are partially covered in thin metallic scales. (AC +2) [demonic ancestry]
   327 | D:1      | Reached XP level 2. HP: 22/22 MP: 2/2
   620 | D:2      | Reached XP level 3. HP: 21/27 MP: 3/3
   904 | D:2      | Noticed Sigmund
   929 | D:2      | Reached skill level 4 in Staves
   935 | D:2      | Killed from afar by Sigmund

Vault maps used:
D:1:      scummos_arrival_checkerplants
D:2:      uniq_sigmund

Skill      XL: |  1  2  3 |
---------------+----------+-----
Staves         | 3 4 |  4.0
Fighting       | |  2.0
Throwing       | |  1.7
Dodging        | |  2.6

Action                   || total
-------------------------++-------
Melee: Quarterstaff      ||    74
  Use: Potion            ||     3
Armor: Leather armour    ||    31
Dodge: Dodged            ||    48
